 Dungeon Crawl Stone Soup version 0.26-a0-639-g72c4674329 (webtiles) character file.

Game seed: 3460164819258759606

136 PentaManta the Chopper (level 5, -1/42 HPs)
             Began as a Formicid Abyssal Knight on Sept 19, 2020.
             Was a Believer of Lugonu.
             Killed by nerve-wracking pain
             ... invoked by an orc priest
              (5 damage)
             ... on level 3 of the Dungeon.
             The game lasted 00:05:11 (2437 turns).

PentaManta the Chopper (Formicid Abyssal Knight)    Turns: 2437, Time: 00:05:12

Health: -1/42      AC:  7    Str: 18    XL:     5   Next: 43%
Magic:  6/6        EV:  9    Int: 11    God:    Lugonu [**....]
Gold:   143        SH:  0    Dex: 10    Spells: 4/4 levels left

rFire    . . .     SeeInvis +   h - +1 dagger (drain)
rCold    . . .     Faith    +   (no shield)
rNeg     . . .     Spirit   .   c - +0 scale mail
rPois    .         Reflect  .   (helmet unavailable)
rElec    .         Harm     .   g - +0 cloak
rCorr    .         Rampage  .   (no gloves)
MR       .....                  (no boots)
Stlth    +.........             f - amulet of faith
HPRegen  0.14/turn              d - ring of stealth
MPRegen  0.10/turn              (no ring)

@: no status effects
A: permanent stasis, dig shafts and tunnels, four strong arms, antennae 3
a: Dig, Shaft Self, Depart the Abyss, Bend Space, Renounce Religion


You were on level 3 of the Dungeon.
You worshipped Lugonu.
Lugonu was pleased with you.
You visited 1 branch of the dungeon, and saw 3 of its levels.
You visited the Abyss 1 time.

You collected 143 gold pieces.

Inventory:

Hand Weapons
 a - a +1 hand axe
 h - a +1 dagger of draining (weapon)
Armour
 c - a +0 scale mail (worn)
 e - a +0 chain mail
 g - a +0 cloak (worn)
Jewellery
 d - a ring of stealth (left hand)
 f - an amulet of faith (around neck)
Scrolls
 b - 2 scrolls of remove curse
Potions
 i - a potion of berserk rage {unknown}


   Skills:
 - Level 4.0 Fighting
 - Level 0.2 Short Blades
 + Level 4.6 Axes
 - Level 2.2 Armour
 - Level 0.8 Dodging
 - Level 0.8 Stealth
 - Level 2.1 Invocations


You had 4 spell levels left.
You didn't know any spells.
Your spell library was empty.

Dungeon Overview and Level Annotations

Branches:
Dungeon (3/15)

Altars:
Cheibriados
Vehumet
The Shining One

Annotations:
D:2 Terence


Innate Abilities, Weirdness & Mutations

You cannot be hasted, slowed, berserked, paralysed or teleported.
You can dig through walls and to a lower floor.
Your four strong arms can wield two-handed weapons with a shield.
You have a pair of large antennae on your head. (SInv)


Message History

You completely miss the orc priest.
The orc priest is almost dead.
The orc barely misses you.
The orc priest invokes the aid of Beogh against you.
Beogh smites you!
* * * LOW HITPOINT WARNING * * *
The orc hits you with a +0 hand axe.
* * * LOW HITPOINT WARNING * * *
The orc hits you but does no damage.
Your scale mail prevents you from hitting the orc priest.
The orc priest is almost dead.
The orc closely misses you.
The orc priest calls down the wrath of Beogh upon you.
You struggle to resist.
The orc hits you but does no damage. x2
The orc hits you but does no damage.
There is a stone staircase leading up here.
The orc misses you.
The orc priest calls down the wrath of Beogh upon you.
Pain shoots through your body!
You die...

### ..#
#.#
.#######.#
.........#
.......o.#
......oo@#
.......o##
.........
##########


You could see an orc priest (drained) and 3 orcs.

Vanquished Creatures
  A jelly (D:2)
  A worker ant (D:1)
  3 adders
  A worm (D:2)
  2 dart slugs
  A leopard gecko (D:2)
  2 giant cockroaches (D:1)
  8 goblins
  3 hobgoblins
  7 jackals
  3 bats
  5 frilled lizards
  3 kobolds (D:2)
  11 rats
51 creatures vanquished.

Notes
Turn   | Place    | Note
-------+----------+-------------------------------------------
     0 | Abyss:1  | PentaManta the Formicid Abyssal Knight began the quest for
                  | the Orb.
     0 | Abyss:1  | Reached XP level 1. HP: 18/18 MP: 2/2
    87 | Abyss:3  | Noticed a ynoxinul
    92 | Abyss:3  | Noticed a chaos spawn
    93 | D:1      | Escaped the Abyss
   309 | D:1      | Reached XP level 2. HP: 23/25 MP: 3/3
   828 | D:1      | Reached XP level 3. HP: 26/30 MP: 4/4
   898 | D:1      | Reached * piety under Lugonu
  1585 | D:1      | Reached XP level 4. HP: 26/37 MP: 5/5
  1854 | D:2      | Found a glowing golden altar of the Shining One.
  1867 | D:2      | Reached XP level 5. HP: 36/42 MP: 6/6
  1885 | D:2      | Found a radiant altar of Vehumet.
  1933 | D:2      | Found a snail-covered altar of Cheibriados.
  1934 | D:2      | Noticed Terence
  2278 | D:2      | Reached ** piety under Lugonu
  2437 | D:3      | Killed from afar by an orc priest

Illustrated notes

Levels and vault maps discovered:
D:1:      dpeg_arrival_rooms_c, layout_basic, minmay_hedge_maze
D:2:      layout_loops_cross, grunt_temple_overflow_open,
          kennysheep_slug_shrine, uniq_terence
D:3:      layout_basic

Skill      XL: |  1  2  3  4 |
---------------+-------------+-----
Fighting       | 4 |  4.0
Axes           | 3 4 |  4.6
Short Blades   | |  0.2
Armour         | |  2.2
Dodging        | |  0.8
Stealth        | |  0.8
Invocations    | |  2.1

Action                   |  1- 3 |  4- 6 || total
-------------------------+-------+-------++-------
Melee: Hand axe          |    49 |       ||    49
       Dagger            |    59 |    82 ||   141
Invok: Depart the Abyss  |     1 |       ||     1
  Use: Scroll            |       |     4 ||     4
 Stab: Sleeping          |     3 |     1 ||     4
Armor: Leather armour    |    19 |       ||    19
       Scale mail        |    15 |    42 ||    57
Dodge: Dodged            |    63 |    46 ||   109

Table legend: (Time is in decaauts)
 A = Elapsed time spent in this place.
 B = Non-inter-level travel time spent in this place.
 C = Inter-level travel time spent in this place.
 D = Time resting spent in this place.
 E = Time spent auto-exploring this place.
 F = Levels seen in this place.
 G = Mean time per level.
                   A        B        C        D        E       F      G
               +--------+--------+--------+--------+--------+-----+--------+
         Total |   2446 |   2425 |     21 |    522 |   1312 |   6 |  407.7 |
       Dungeon |   2354 |   2333 |     21 |    522 |   1310 |   3 |  784.7 |
         Abyss |     92 |     92 |      0 |      0 |      2 |   3 |   30.7 |
               +--------+--------+--------+--------+--------+-----+--------+

Top non-repeatable levels by time:
     D:1: 1817 daAuts
     D:2: 523 daAuts
 Abyss:3: 42 daAuts
 Abyss:1: 30 daAuts
 Abyss:2: 19 daAuts
     D:3: 13 daAuts
